 Dungeon Crawl Stone Soup version 0.27-a0-409-gd57800a693 (webtiles) character file.

Game seed: 7716213118247507595

8 Chiseanne the Skirmisher (level 2, 6/24 HPs)
             Began as a Demonspawn Wanderer on Feb 23, 2021.
             Quit the game on level 1 of the Dungeon.
             The game lasted 00:00:16 (108 turns).

Chiseanne the Skirmisher (Demonspawn Wanderer)       Turns: 108, Time: 00:00:17

Health: 6/24       AC:  2    Str: 10    XL:     2   Next: 0%
Magic:  2/2        EV: 12    Int: 15    God:
Gold:   0          SH:  0    Dex: 12    Spells: 1/1 levels left

rFire    . . .     SeeInvis .   a - +2 quarterstaff
rCold    . . .     Faith    .   (shield currently unavailable)
rNeg     . . .     Spirit   .   d - +0 robe
rPois    .         Reflect  .   (no helmet)
rElec    .         Harm     .   (no cloak)
rCorr    .         Rampage  .   (no gloves)
Will     .....                  (no boots)
Stlth    ++........             (no amulet)
HPRegen  0.08/turn              (no ring)
MPRegen  0.08/turn              (no ring)

@: no status effects
A: talons 1
a: no special abilities


You were on level 1 of the Dungeon.
You visited 1 branch of the dungeon, and saw 1 of its levels.

Inventory:

Hand Weapons
 a - a +2 quarterstaff (weapon)
 b - a +0 falchion
Missiles
 e - 22 stones
Armour
 d - a +0 robe (worn)
Wands
 c - a wand of random effects (15) (quivered)
Scrolls
 f - a scroll of magic mapping {unknown}


   Skills:
 * Level 3.3 Fighting
 - Level 1.0(1.5) Maces & Flails
 - Level 1.7(1.9) Staves
 * Level 1.4 Dodging
 - Level 1.0 Stealth
 - Level 1.0 Shields
 - Level 1.0 Evocations


You had one spell level left.
You didn't know any spells.
Your spell library was empty.

Dungeon Overview and Level Annotations

Branches:
Dungeon (1/15)

Altars:


Innate Abilities, Weirdness & Mutations

You have sharp toenails.


Message History

You closely miss the jackal. The jackal bites you.
The jackal barely misses you. The jackal closely misses you.
The jackal barely misses you.
You hit the jackal.
The jackal is heavily wounded.
The jackal bites you but does no damage.
The jackal bites you. The rat bites you.
You are too injured to fight recklessly!
You are too injured to fight recklessly!
You are too injured to fight recklessly!
You are too injured to fight recklessly!
You are too injured to fight recklessly!
You are too injured to fight recklessly!
You are too injured to fight recklessly!
You are too injured to fight recklessly!
You are too injured to fight recklessly!
You are too injured to fight recklessly!
You are too injured to fight recklessly!
You are too injured to fight recklessly!
You are too injured to fight recklessly!
You are too injured to fight recklessly!
You are too injured to fight recklessly!
You are too injured to fight recklessly!
You are too injured to fight recklessly!
The jackal bites you but does no damage.
The jackal closely misses you.
You miss the jackal. The jackal bites you. The jackal barely misses you.
You hit the jackal.
You kill the jackal!
You closely miss the jackal.
The jackal is heavily wounded.
The jackal closely misses you. x2
You sock the jackal!
You kill the jackal!
The rat bites you.
* * * LOW HITPOINT WARNING * * *
You have reached level 2!
Your demonic ancestry asserts itself...
Your toenails lengthen and sharpen.
Are you sure you want to abandon this character and quit the game? (Confirm with "yes".)

# #.###########
#)...........
#..†.....#
.......#...##
.......#.###
.......#r# ####.###@#
## #.# #.# . #
#.###.##
.###.#####......#
...#....#.......#
#..# #.^.......#
###..# ###..###.####
..#.###...#..#.......
...<....# ##.#...####


You could see a rat.

Vanquished Creatures
  A goblin (D:1)
  2 hobgoblins (D:1)
  3 jackals (D:1)
6 creatures vanquished.

Notes
Turn   | Place    | Note
-------+----------+-------------------------------------------
     0 | D:1      | Chiseanne the Demonspawn Wanderer began the quest for the
                  | Orb.
     0 | D:1      | Chiseanne set off with the following items: a +2
                  | quarterstaff, a +0 falchion, a wand of random effects (15),
                  | a +0 robe
     0 | D:1      | Reached XP level 1. HP: 18/18 MP: 1/1
   108 | D:1      | Gained mutation: You have sharp toenails. [demonic
                  | ancestry]
   108 | D:1      | Reached XP level 2. HP: 6/24 MP: 2/2
   108 | D:1      | Quit the game

Illustrated notes

Levels and vault maps discovered:
D:1:      psy_arrival_radial01, layout_basic, minmay_small_reverse_x

Action                   || total
-------------------------++-------
Melee: Quarterstaff      ||    15
 Stab: Sleeping          ||     1
Armor: Robe              ||     3
Dodge: Dodged            ||    14

Table legend: (Time is in decaauts)
 A = Elapsed time spent in this place.
 B = Non-inter-level travel time spent in this place.
 C = Inter-level travel time spent in this place.
 D = Time resting spent in this place.
 E = Time spent auto-exploring this place.
 F = Levels seen in this place.
 G = Mean time per level.
                   A        B        C        D        E       F      G
               +--------+--------+--------+--------+--------+-----+--------+
         Total |    111 |    111 |      0 |      0 |     78 |   1 |  111.0 |
       Dungeon |    111 |    111 |      0 |      0 |     78 |   1 |  111.0 |
               +--------+--------+--------+--------+--------+-----+--------+

Top non-repeatable levels by time:
     D:1: 111 daAuts
